 Dungeon Crawl Stone Soup version 0.29.1-4-g47bece8355 (webtiles) character file.

Game seed: 4831879044146260468

463 GeoRichter the Slasher (level 6, -6/47 HPs)
             Began as a Demonspawn Gladiator on Dec 3, 2022.
             Was a Follower of Ru.
             Mangled by a wyvern (12 damage)
             ... on level 4 of the Dungeon.
             The game lasted 00:07:53 (4023 turns).

GeoRichter the Slasher (Demonspawn Gladiator)       Turns: 4023, Time: 00:07:54

Health: -6/47      AC:  9    Str: 20    XL:     6   Next: 79%
Magic:  6/6        EV: 13    Int:  9    God:    Ru [*.....]
Gold:   142        SH:  0    Dex: 17    Spells: 5/5 levels left

rFire   . . .      SeeInvis .   a - +0 long sword
rCold   + . .      Faith    .   (no shield)
rNeg    . . .      Spirit   .   u - +0 leather armour {rC+}
rPois   .          Reflect  .   (helmet restricted)
rElec   .          Harm     .   w - +2 cloak {rCorr}
rCorr   +          Rampage  .   (no gloves)
Will    .....                   n - +0 pair of boots
Stlth   +.........              (no amulet)
HPRegen 0.15/turn               y - +6 ring of strength
MPRegen 0.10/turn               (no ring)

@: no status effects
A: antennae 1, slimy green scales 1, demonic guardian 1, no earth magic, no
hexes magic, no necromancy magic
a: Renounce Religion


You were on level 4 of the Dungeon.
You worshipped Ru.
Ru was aware of your devotion.
You visited 1 branch of the dungeon, and saw 4 of its levels.

You collected 142 gold pieces.

Inventory:

Hand Weapons
 a - a +0 long sword (weapon)
Missiles
 d - 4 throwing nets {!f}
 e - a javelin
 g - 5 poisoned darts (quivered)
Armour
 n - a +0 pair of boots (worn)
   (You found it on level 2 of the Dungeon)
 q - the +2 robe "Jieban" {Harm *Corrode rElec rF+}
   (You found it on level 2 of the Dungeon)

   rF:        It protects you from fire.
   rElec:     It insulates you from electricity.
   *Corrode:  It may corrode you when you take damage.
   Harm:      It increases damage dealt and taken.
 u - a +0 leather armour of cold resistance (worn)
   (You found it on level 3 of the Dungeon)
 w - a +2 cloak of preservation (worn)
   (You took it off Crazy Yiuf on level 3 of the Dungeon)
Jewellery
 y - a +6 ring of strength (left hand)
   (You found it on level 4 of the Dungeon)
Scrolls
 c - a scroll of identify {unknown}
 h - 2 scrolls of magic mapping {unknown}
 j - a scroll of silence {unknown}
 k - 2 scrolls of blinking {unknown}
 l - 2 scrolls of brand weapon {unknown}
 m - a scroll of vulnerability {unknown}
 o - a scroll of summoning {unknown}
 s - 4 scrolls of teleportation {unknown}
 t - a scroll of fear {unknown}
Potions
 b - a potion of curing {unknown}
 f - 2 potions of heal wounds {unknown}
 i - a potion of haste {unknown}
 p - 2 potions of degeneration {unknown}
 r - a potion of magic {unknown}
 v - a potion of brilliance {unknown}
 x - a potion of lignification {unknown}


   Skills:
 + Level 3.4 Fighting
 * Level 6.0 Long Blades
 - Level 1.7 Throwing
 + Level 3.7 Dodging


You had 5 spell levels left.
You didn't know any spells.
Your spell library contained the following spells:

 Spells                   Type           Power      Damage    Failure   Level
 Static Discharge         Conj/Air       0%         3-3/arc   58%         2
 Sticky Flame             Conj/Fire      0%         2d3       99%         4
 Dispel Undead            Necr           Unusable   3d6       N/A         4

Dungeon Overview and Level Annotations

Branches:
Dungeon (4/15) Zot: 19937
 Temple: D:4-7

Altars:
Nemelex Xobeh
Ru
Xom

Annotations:
D:4 exclusion: wyvern


Innate Abilities, Weirdness & Mutations

You have a pair of small antennae on your head.
You are partially covered in slimy green scales. (AC +2)
A weak demonic guardian rushes to your aid.
You cannot study or cast Earth magic.
You cannot study or cast Hexes magic.
You cannot study or cast Necromancy magic.


Message History

You barely miss the orc. The orc misses you.
You slash the orc!
You kill the orc!
No target in view!
Things that are here:
a +0 club; an orc corpse You sense a monster nearby.
No target in view!
A scorpion comes into view.
The scorpion barely misses you.
You barely miss the scorpion. The scorpion barely misses you.
You barely miss the scorpion.
The scorpion stings you but does no damage.
You closely miss the scorpion. The scorpion barely misses you.
The scorpion stings you but does no damage.
You hit the scorpion but do no damage. The scorpion misses you.
You slash the scorpion!
The scorpion stings you but does no damage.
You hit the scorpion.
The scorpion stings you but does no damage.
You hit the scorpion. Your punch misses the scorpion.
The scorpion stings you but does no damage.
The scorpion closely misses you.
You hit the scorpion.
You kill the scorpion!
Your Long Blades skill increases to level 6!
You see here a scorpion corpse.
You see here a scorpion corpse.
Partly explored, can't reach some places.
Partly explored, can't reach some places.
Really walk into a travel-excluded area?
There is a stone staircase leading down here.
The wyvern hisses angrily.
You hit the wyvern but do no damage. The wyvern closely misses you.
You hit the wyvern but do no damage. The wyvern misses you.
The wyvern bites you!
You closely miss the wyvern. The wyvern barely misses you.
The wyvern bites you!
You hit the wyvern but do no damage. The wyvern barely misses you.
You hit the wyvern. The wyvern barely misses you. The wyvern bites you!
* * * LOW HITPOINT WARNING * * *
You slash the wyvern! The wyvern bites you.
* * * LOW HITPOINT WARNING * * *
You closely miss the wyvern. The wyvern bites you.
* * * LOW HITPOINT WARNING * * *
The wyvern closely misses you.
You hit the wyvern but do no damage. The wyvern bites you!
* * * LOW HITPOINT WARNING * * *
A demonic guardian appears!
The wyvern bites you!
You die...

#.#####............<## #.#
#.......######.......########.#
######### #................#
#.......#######..# ##.....##
#..### ##...## #..... ##.##
##.### #################>#
#.... ...............l@5# #####
###################


You could see a wyvern (ally target) and a friendly ufetubus (summoned).

Vanquished Creatures
  A centaur (D:4)
  A scorpion (D:4)
  A jelly (D:4)
  A hound (D:2)
  Crazy Yiuf (D:3)
  An iguana (D:4)
  2 orc wizards (D:3)
  5 adders
  3 worms (D:2)
  2 dart slugs
  8 orcs
  4 endoplasms
  2 giant cockroaches
  4 goblins (D:1)
  4 hobgoblins
  2 kobolds (D:3)
  2 quokkas (D:2)
  4 ball pythons
  10 bats
  4 frilled lizards
  7 rats
69 creatures vanquished.

Vanquished Creatures (collateral kills)
  An orc priest (D:3)
  An adder (D:2)
  A giant cockroach (D:2)
  A goblin (D:2)
  A hobgoblin (D:2)
  A ball python (D:2)
  A frilled lizard (D:2)
  A kobold (D:2)
8 creatures vanquished.

Grand Total: 77 creatures vanquished

Notes
Turn   | Place    | Note
-------+----------+-------------------------------------------
     0 | D:1      | GeoRichter the Demonspawn Gladiator began the quest for the
                  | Orb.
     0 | D:1      | Reached XP level 1. HP: 16/16 MP: 1/1
    59 | D:1      | Reached skill level 3 in Long Blades
   160 | D:1      | Found a faded altar of an unknown god.
   255 | D:1      | Gained mutation: A weak demonic guardian rushes to your
                  | aid. [demonic ancestry]
   255 | D:1      | Reached XP level 2. HP: 19/22 MP: 2/2
   792 | D:2      | Gained mutation: You are partially covered in slimy green
                  | scales. (AC +2) [demonic ancestry]
   792 | D:2      | Reached XP level 3. HP: 24/27 MP: 3/3
   856 | D:2      | Found a sacrificial altar of Ru.
   865 | D:2      | Became a worshipper of Ru the Awakened
   905 | D:2      | Reached skill level 4 in Long Blades
  1185 | D:2      | Identified the +2 robe "Jieban" {Harm *Corrode rElec rF+}
  1652 | D:2      | Reached XP level 4. HP: 27/33 MP: 4/4
  1885 | D:3      | Found a runed translucent door.
  1886 | D:3      | Noticed Crazy Yiuf
  2241 | D:3      | Reached skill level 5 in Long Blades
  2241 | D:3      | Reached XP level 5. HP: 39/39 MP: 5/5
  2467 | D:3      | Found a shimmering altar of Xom.
  2633 | D:3      | Killed Crazy Yiuf
  2850 | D:4      | Noticed a wyvern
  2961 | D:4      | Gained mutation: You have a pair of small antennae on your
                  | head. [demonic ancestry]
  2961 | D:4      | Reached XP level 6. HP: 24/46 MP: 6/6
  3263 | D:4      | Gained mutation: You cannot study or cast Earth magic. [Ru
                  | sacrifice]
  3263 | D:4      | Gained mutation: You cannot study or cast Hexes magic. [Ru
                  | sacrifice]
  3263 | D:4      | Gained mutation: You cannot study or cast Necromancy magic.
                  | [Ru sacrifice]
  3263 | D:4      | Reached * piety under Ru
  3706 | D:4      | Found a sparkling altar of Nemelex Xobeh.
  3864 | D:4      | Reached skill level 6 in Long Blades
  4023 | D:4      | Mangled by a wyvern

Illustrated notes

Levels and vault maps discovered:
D:1:      mrwooster_arrival_statue_3, layout_loops_ring,
          chequers_ecumenical_altar_grove, reono_crystal_passage
D:2:      layout_basic, basic_altar, dk_noncrumbling_4
D:3:      layout_basic, marbit_many_paths, uniq_crazy_yiuf_cottage
D:4:      layout_loops_ring, nemelex_dance_club_becter

Skill      XL: |  1  2  3  4  5  6 |
---------------+-------------------+-----
Long Blades    | 3 4 5 6 |  6.0
Dodging        | 3 |  3.7
Fighting       | 3 |  3.4
Throwing       | |  1.7

Action                   |  1- 3 |  4- 6 || total
-------------------------+-------+-------++-------
Melee: Long sword        |   112 |   121 ||   233
       Punch             |     2 |     1 ||     3
Throw: Dart              |       |     2 ||     2
Invok: Sacrifice Arcana  |       |     1 ||     1
 Stab: Sleeping          |     3 |     2 ||     5
Armor: Leather armour    |    25 |    18 ||    43
       Robe              |    22 |    27 ||    49
Dodge: Dodged            |    80 |    83 ||   163
